AoeStats
← xRoostahh

Arabia

506221646Analyzed
4v4 RM · 19d ago on Sep 12, 2026· 42m 25s· 8 players
Game mode
Random Map
Map size
Large (8 player)
Population
200
Speed
Normal
Resources
Standard
Victory
Conquest
Starting age
Dark Age
Ending age
Imperial Age
RankedLock teamsTeams togetherTeam positionsShared explorationLock speedFull tech treeHidden civsTurbo modeCheats
Victory
Defeat
🇮🇹 Bohemians · Italy
882
+10
🇧🇪 Mongols · Belgium
806
+13
🇮🇳 Cumans · India
792
+13
🇫🇷 Britons · France
745
+15
🇵🇪 Hindustanis · Peru
851
-17
🇪🇸 Khmer · Spain
717
-12
🇺🇸 Magyars · United States
695
-11
🇺🇸 Byzantines · United States
680
-11
Maxl
6:33 Loom
11:21 Feudal Age
15:16 Castle Age
16:44 Double-Bit Axe
18:34 Bow Saw
23:59 Wheelbarrow
26:46 Chemistry
26:00 Horse Collar
29:40 Imperial Age
30:12 Houfnice
30:48 Fletching
30:59 Padded Archer Armor
33:40 Hand Cart
36:13 Siege Engineers
40:30 Ballistics
39:53 Treadmill Crane
40:15 Caravan
40:02 Town Watch
43:00 Conscription
M4K4V3L1 [BE]
0:46 Loom
14:28 Feudal Age
15:02 Horse Collar
15:10 Double-Bit Axe
23:05 Castle Age
21:41 Wheelbarrow
20:52 Town Watch
23:35 Pikeman
24:16 Squires
29:53 Stone Mining
30:44 Bow Saw
31:00 Forging
30:51 Scale Mail Armor
30:57 Scale Barding Armor
30:17 Light Cavalry
30:57 Husbandry
34:18 Bloodlines
40:27 Heavy Plow
GALAT
11:22 Feudal Age
9:38 Loom
12:55 Double-Bit Axe
13:09 Gold Mining
18:27 Horse Collar
26:20 Castle Age
26:08 Bloodlines
26:04 Scale Barding Armor
30:02 Forging
30:13 Chain Barding Armor
30:04 Bow Saw
29:57 Heavy Plow
30:35 Wheelbarrow
29:42 Pikeman
30:23 Squires
32:56 Hand Cart
33:36 Steppe Husbandry
35:05 Caravan
35:33 Ballistics
39:01 Imperial Age
40:06 Cavalier
42:00 Plate Barding Armor
emir.radurof
0:29 Loom
11:26 Feudal Age
12:19 Double-Bit Axe
12:25 Horse Collar
12:44 Gold Mining
18:57 Castle Age
19:23 Forging
19:05 Fletching
19:17 Scale Mail Armor
20:32 Stone Mining
21:01 Bodkin Arrow
20:31 Crossbowman
22:35 Gold Shaft Mining
27:06 Bow Saw
28:30 Fervor
30:29 Pikeman
31:11 Squires
35:47 Imperial Age
33:45 Husbandry
34:28 Arson
35:50 Arbalester
38:59 Elite Longbowman
40:15 Hoardings
40:04 Conscription
42:18 Wheelbarrow
41:29 Town Watch
xRoostahh
7:33 Loom
11:29 Feudal Age
18:12 Castle Age
16:45 Man-at-Arms
17:42 Scale Mail Armor
19:29 Forging
20:52 Wheelbarrow
20:05 Horse Collar
24:14 Gold Mining
24:15 Stone Mining
27:53 Imperial Age
26:59 Stone Shaft Mining
27:13 Fortified Wall
27:34 Double-Bit Axe
27:56 Heavy Plow
31:34 Hand Cart
32:50 Treadmill Crane
33:33 Bow Saw
35:23 Iron Casting
35:03 Chain Mail Armor
34:12 Pikeman
34:39 Gambesons
34:40 Arson
34:56 Squires
36:21 Halberdier
XxjesulizxX
0:31 Loom
9:18 Feudal Age
10:44 Wheelbarrow
10:03 Double-Bit Axe
18:14 Castle Age
19:24 Hand Cart
19:43 Bow Saw
21:49 Horse Collar
22:26 Town Watch
23:48 Stone Mining
23:49 Gold Mining
25:21 Forging
28:29 Gold Shaft Mining
28:30 Stone Shaft Mining
28:17 Pikeman
29:07 Scale Mail Armor
29:53 Scale Barding Armor
34:21 Imperial Age
32:17 Fortified Wall
34:27 Murder Holes
34:37 Town Patrol
35:33 Conscription
35:59 Padded Archer Armor
35:50 Fletching
37:13 Leather Archer Armor
36:28 Halberdier
dallasblack
15:26 Feudal Age
25:02 Castle Age
25:13 Double-Bit Axe
25:49 Bloodlines
29:59 Husbandry
30:32 Scale Barding Armor
34:41 Horse Collar
39:16 Fletching
39:47 Chain Barding Armor
39:28 Scale Mail Armor
41:26 Light Cavalry
MuSshito
13:22 Feudal Age
13:53 Horse Collar
14:04 Gold Mining
14:00 Double-Bit Axe
14:24 Loom
20:44 Castle Age
20:33 Forging
29:56 Imperial Age
29:53 Iron Casting
29:24 Scale Barding Armor
29:22 Stone Mining
30:56 Scale Mail Armor
35:21 Wheelbarrow
34:31 Town Watch
34:58 Scale Barding Armor
35:09 Chain Mail Armor
36:42 Bloodlines
37:07 Husbandry
Connection lost

Rejoining the realm…

Still unreachable

The connection could not be restored.

Session expired

The server has moved on; the page needs a fresh start.